 Dungeon Crawl Stone Soup version 0.28-a0-422-gd71735cc25 (webtiles) character file.

Game seed: 6080722778612912799

44 aSlayers the Insei (level 3, -1/23 HPs)
             Began as an Octopode Transmuter on Sept 7, 2021.
             Slain by Edmund (11 damage)
             ... on level 4 of the Dungeon on Sept 8, 2021.
             The game lasted 00:05:24 (1427 turns).

aSlayers the Insei (Octopode Transmuter)            Turns: 1427, Time: 00:05:25

Health: -1/23      AC:  1    Str: 10    XL:     3   Next: 62%
Magic:  6/6        EV: 13    Int: 15    God:
Gold:   48         SH:  0    Dex: 12    Spells: 6/7 levels left

rFire   . . .      SeeInvis .   b - +1 falchion
rCold   . . .      Faith    .   (no shield)
rNeg    . . .      Spirit   .   (helmet restricted)
rPois   +          Reflect  .   (no amulet)
rElec   .          Harm     .   g - ring of poison resistance
rCorr   .          Rampage  .   (no ring)
Will    .....                   (no ring)
Stlth   ++........              (no ring)
HPRegen 0.07/turn               (no ring)
MPRegen 0.10/turn               (no ring)
                                (no ring)
                                (no ring)

@: no status effects
A: almost no armour, amphibious, 8 rings, camouflage 1, gelatinous body 1,
(nimble swimmer 1), tentacles
a: no special abilities


You were on level 4 of the Dungeon.
You visited 1 branch of the dungeon, and saw 4 of its levels.

You collected 48 gold pieces.

Inventory:

Hand Weapons
 b - a +1 falchion (weapon)
 e - a +0 dagger
Jewellery
 g - a ring of poison resistance (left tentacle)
Scrolls
 a - a scroll of identify
 f - a scroll of immolation


   Skills:
 + Level 1.0 Fighting
 + Level 0.7 Long Blades
 + Level 2.3 Dodging
 + Level 0.3 Stealth
 + Level 3.4 Unarmed Combat
 + Level 2.5 Spellcasting
 + Level 2.3 Transmutations


You had 6 spell levels left.
You knew the following spells:

 Your Spells              Type           Power      Damage    Failure   Level
a - Beastly Appendage     Tmut           16%        N/A       9%          1

Your spell library contained the following spells:

 Spells                   Type           Power      Damage    Failure   Level
 Wereblood                Tmut           8%         N/A       12%         2
 Animate Skeleton         Necr           2%         N/A       22%         1
 Pain                     Necr           4%         1d4       22%         1
 Spider Form              Tmut/Pois      2%         N/A       36%         3
 Vampiric Draining        Necr           0%         2d6       54%         3
 Ice Form                 Ice/Tmut       5%         N/A       78%         4


Dungeon Overview and Level Annotations

Branches:
Dungeon (5/15)
 Temple: D:4-7

Altars:

Shops:
D:2 *

Annotations:
D:4 Edmund


Innate Abilities, Weirdness & Mutations

You cannot wear most types of armour.
You are amphibious.
You can wear up to eight rings at the same time.
Your skin changes colour to match your surroundings (Stealth+).
Your rubbery body absorbs attacks. (AC +1, EV +1)
((You are camouflaged near water. (Stealth+)))
You have tentacles for arms and can constrict up to eight enemies at once.


Message History

The giant cockroach completely misses you.
You hit the dart slug.
The dart slug is severely wounded.
You constrict the dart slug. The dart slug closely misses you.
The giant cockroach closely misses you.
You hit the dart slug.
You kill the dart slug!
The giant cockroach completely misses you.
The giant cockroach barely misses you.
You barely miss the giant cockroach. You grab the giant cockroach.
You constrict the giant cockroach, but do no damage.
The giant cockroach closely misses you.
You hit the giant cockroach.
The giant cockroach is heavily wounded.
You constrict the giant cockroach. The giant cockroach closely misses you.
The giant cockroach bites you.
You hit the giant cockroach.
You kill the giant cockroach!
You see here a giant cockroach corpse.
Edmund the Younger comes into view.
He is wielding a +0 dire flail of holy wrath and wearing a +3 leather armour of cold resistance.
Edmund shouts!
As you read the scroll labelled FOUR SOYCWEASEW, it crumbles to dust.
It is a scroll of identify.
f - a scroll of immolation
As you read the scroll labelled HUKHAPIANT, it crumbles to dust.
You hear a loud clanging noise!
It was a scroll of noise.
As you read the scroll labelled TIHAZXOMATH, it crumbles to dust.
It is a scroll of enchant weapon.
Your +0 falchion glows red for a moment.
As you read the scroll labelled ORITRE JO UGUZOITS, it crumbles to dust.
You speak a Word of immense power!
It was a scroll of holy word.
There is a stone staircase leading up here.
Edmund barely misses you.
You climb upwards.
The phantom hits you!
The phantom blinks!
You blink.
The phantom barely misses you.
You see here 10 gold pieces.
The phantom hits you.
The phantom blinks!
You blink.
Edmund hits you with a +0 dire flail of holy wrath!
You die...

##..............#
#..............##
#..............#
##......(.......#
#.............!.#
#....$....>....##
#...###........#
#... #....@...#
#.. ###.W.@.##
#.. #.....# #.
###..## # #..#
#..# .... ##...
#...#


You could see Edmund and a phantom.

Vanquished Creatures
  An adder (D:2)
  A worm (D:2)
  2 dart slugs
  5 bats (D:1)
  2 endoplasms
  3 giant cockroaches
  3 goblins (D:1)
  3 hobgoblins
  2 ball pythons
  3 frilled lizards (D:1)
  2 kobolds (D:1)
  3 rats
30 creatures vanquished.

Vanquished Creatures (others)
  7 toadstools (D:1)
7 creatures vanquished.

Grand Total: 37 creatures vanquished

Notes
Turn   | Place    | Note
-------+----------+-------------------------------------------
     0 | D:1      | aSlayers the Octopode Transmuter began the quest for the
                  | Orb.
     0 | D:1      | Reached XP level 1. HP: 13/13 MP: 3/3
   354 | D:1      | Reached XP level 2. HP: 14/18 MP: 3/5
  1059 | D:2      | Upgraded the game from 0.28-a0-413-gde365fb1df to
                  | 0.28-a0-422-gd71735cc25
  1064 | D:2      | Reached XP level 3. HP: 23/23 MP: 4/6
  1341 | D:2      | Found Uletuol's Assorted Antiques.
  1355 | D:2      | You fall into a shaft and drop 2 floors!
  1357 | D:4      | Noticed a phantom
  1368 | D:5      | Entered Level 5 of the Dungeon
  1405 | D:5      | Noticed Edmund
  1427 | D:4      | Slain by Edmund

Illustrated notes

Levels and vault maps discovered:
D:1:      nagdon_arrival_double_spiral, layout_basic, skrybe_limestone_x,
          minmay_hexomino_p4
D:2:      layout_loops_cross, serial_shops, nicolae_shop_behind_doors
D:4:      layout_cave_pods, mainiacjoe_overflow_concentric_impassable,
          minmay_quantized
D:5:      layout_basic, vehumet_crystals, lemuel_another_geyser, uniq_edmund

Action                   || total
-------------------------++-------
Melee: Unarmed           ||    11
       Falchion          ||    54
       Constrict         ||    21
       Kick              ||     6
       Tentacles         ||    10
       Punch             ||     1
 Cast: Beastly Appendage ||    10
  Use: Scroll            ||     4
 Stab: Sleeping          ||     4
Armor: Skin              ||    16
Dodge: Dodged            ||    65

Table legend: (Time is in decaauts)
 A = Elapsed time spent in this place.
 B = Non-inter-level travel time spent in this place.
 C = Inter-level travel time spent in this place.
 D = Time resting spent in this place.
 E = Time spent auto-exploring this place.
 F = Levels seen in this place.
 G = Mean time per level.
                   A        B        C        D        E       F      G
               +--------+--------+--------+--------+--------+-----+--------+
         Total |   1439 |   1439 |      0 |      0 |    861 |   4 |  359.8 |
       Dungeon |   1439 |   1439 |      0 |      0 |    861 |   4 |  359.8 |
               +--------+--------+--------+--------+--------+-----+--------+

Top non-repeatable levels by time:
     D:1: 1065 daAuts
     D:2: 300 daAuts
     D:5: 57 daAuts
     D:4: 16 daAuts
